[Event "88th Tata Steel Masters 2026"]
[White "Niemann,Hans Moke"]
[Black "Abdusattorov,Nodirbek"]
[Site "Wijk aan Zee"]
[Round "5.4"]
[Annotator "TA"]
[Result "1/2-1/2"]
[Date "2026.01.21"]
[WhiteElo "2725"]
[BlackElo "2751"]
[PlyCount "95"]
[TimeControl "60"]

1. e4 e5 2. Nf3 Nf6 3. Nxe5 d6 4. Nf3 Nxe4 5. d4 d5 6. Bd3 Nc6 7. O-O Be7 8. Re1 Bg4 9. c4 Nf6 10. cxd5 Bxf3 11. Qxf3 Qxd5 12. Qxd5 Nxd5 13. Nc3 Ndb4 {[%emt 0:0:38] A dynamic duo of knights.} 14. Be4 {[%emt 0:1:22] [#] a3 is the strong threat. C42: Petroff Defence: 3 Nxe5 and unusual White 3rd moves.} Nxd4 15. Be3 {[%emt 0:0:47] White sacrificed a pawn} (15. Bxb7 Rb8 16. Be4 Ndc2 $15 )c5 16. Bxd4 {[%emt 0:6:40] White is slightly better.} cxd4 {[%emt 0:0:39] Black is weak on the light squares} 17. Nb5 Kf8 18. Rad1 (18. Bxb7 Rb8 19. Rec1 d3 $17 )Bf6 $146 ({Predecessor:} 18... d3 19. a3 a6 20. Nc3 Nc2 21. Rf1 Rd8 22. Rxd3 Rxd3 23. Bxd3 Nd4 24. Be4 Nc6 {½-½ Sabean,S-Schlosser,R W-ch WS/H/077 email 2007} )19. Nxd4 (19. Bxb7 Rb8 20. a3 (20. Nd6 $2 Be7 $19 )Nc2 $17 (20... Rxb7 21. Nd6 $11 ))Rd8 20. Nb5 Rxd1 21. Rxd1 Ke7 {[%emt 0:3:16] Prevents Rd7+} 22. Re1 {[%emt 0:3:27] White is more active.} (22. Nxa7 Ra8 23. Nb5 Rxa2 $11 )(22. Bxb7 $6 Rb8 23. Nd6 Nxa2 $11 )Bxb2 23. Re2 Bc1 24. Re1 {[%emt 0:5:5][%mdl 1024] White has compensation.} (24. a3 $5 a6 $8 25. Bb1+ (25. Bxh7+ Kf6 $11 )(25. axb4 axb5 26. Bxb7+ Kf6 $11 )Kf6 26. Nd6 Bxa3 27. h4 $16 (27. Nxb7 Rc8 $17 ))Bd2 25. Re2 Bc1 $1 26. a3 a6 27. Bb1+ Kf6 {[%emt 0:8:25][%cal Yh8d8] Threatens to win with ...Rd8!.} 28. Nd6 Nc6 29. h4 Bxa3 30. Ne8+ ({Of course not} 30. Nxb7 $6 Rb8 31. Be4 Rxb7 $15 )Rxe8 31. Rxe8 $11 {[%emt 0:0:35][%mdl 4096] Endgame KRB-KBN} b6 32. Rc8 Ne5 33. f4 Bc5+ 34. Kf1 Ng4 35. Rc6+ Ke7 36. Rc7+ Kf6 $1 37. Rc6+ Ke7 38. Rc7+ Kf6 $1 39. Ba2 Ne3+ {[%emt 0:1:12] The position is equal.} 40. Ke2 Nxg2 41. Rxf7+ Kg6 42. f5+ Kh6 43. Kf3 Nxh4+ 44. Kg3 Kh5 45. f6 (45. Rxg7 $2 {is the wrong capture.} Nxf5+ 46. Kf4 Nxg7 $19 )gxf6 46. Rxh7+ Kg5 47. Rg7+ (47. Rxh4 $5 Bf2+ $8 48. Kxf2 Kxh4 49. Ke2 $11 )Kh6 48. Ra7 {[%emt 0:0:36] Weighted Error Value: White=0.04 (flawless) /Black=0.04 (flawless)   Inaccurate:     	White=1     	Black=1      OK:         	White=8     	Black=4      Best:        	---       	Black=3      Strong:       	---       	Black=3} 1/2-1/2

[Event "88th Tata Steel Masters 2026"]
[White "Van Foreest,Jorden"]
[Black "Bluebaum,Matthias"]
[Site "Wijk aan Zee"]
[Round "5.5"]
[Annotator "TA"]
[Result "1/2-1/2"]
[Date "2026.01.21"]
[WhiteElo "2703"]
[BlackElo "2679"]
[PlyCount "147"]
[TimeControl "60"]

1. e4 e5 2. Nf3 Nf6 3. d4 Nxe4 4. Bd3 d5 5. Nxe5 Nd7 6. Nxd7 Bxd7 7. Nd2 Nxd2 {[%emt 0:0:0] C43: Petroff Defence: 3 d4.} 8. Bxd2 Qe7+ 9. Kf1 Qh4 $146 {[%emt 0:0:0] The position is equal.} ({Predecessor:} 9... O-O-O 10. c3 Qf6 11. h4 Qb6 12. Qb3 Qxb3 13. axb3 a6 14. Ra5 Be6 15. h5 h6 {0-1 Vardanyan,A (2285)-Solodovnichenko,Y (2520) Sitges op 47th 2023 (9)} )10. Qe2+ Be7 11. Re1 Be6 12. c3 O-O-O 13. h3 Qf6 14. h4 h6 {[%emt 0:1:14] Dodges Bg5} 15. Qe5 Qxe5 16. Rxe5 Bd6 17. Re1 h5 18. g3 {[%emt 0:0:38] Not much happening anymore} Rde8 19. Kg2 Bd7 20. Bf4 Rxe1 21. Rxe1 Re8 (21... Bxf4 $11 22. gxf4 Kd8 )22. Rxe8+ $16 Bxe8 23. Bxd6 cxd6 {[%emt 0:0:33][%mdl 4096] Endgame KB-KB} 24. Bc2 Kd8 25. Bb3 Bc6 26. Kf3 Ke7 27. Kf4 f6 28. Kf5 Kf7 29. Bd1 Bd7+ 30. Kf4 Kg6 31. Bb3 Be6 32. Ba4 Kf7 33. Bd1 Kg6 34. Ba4 Kf7 $1 35. Bc2 g6 36. Ba4 Kf8 37. f3 Kf7 38. g4 hxg4 39. fxg4 Kf8 40. g5 Ke7 41. Bd1 b6 42. Bf3 Bf7 43. Ke3 fxg5 44. hxg5 Kd7 45. Kd2 Kc7 46. Be2 Kb7 47. Kc2 a6 48. Kb3 Be6 49. Bd3 Bf7 50. Kb4 Be8 51. Be2 Bf7 52. Bd3 Be8 $1 53. Bf1 Bf7 54. Bh3 Kc7 55. Bg4 Kb7 56. b3 Kc7 57. a4 Bg8 58. Be2 Kb7 59. a5 b5 60. Bd3 Bf7 61. Bb1 Kc7 62. Bc2 Kc6 63. Bb1 Kc7 $1 64. c4 dxc4 $11 65. bxc4 bxc4 66. d5 Be8 ({Black should try} 66... Bxd5 $11 67. Bxg6 Be6 )67. Kxc4 $14 Kb7 68. Kd4 Kc7 69. Bd3 Kb7 70. Ke3 {[%emt 0:1:22] White is more active.} Ka7 71. Bc2 Kb7 72. Bd1 (72. Bb1 $14 {is more appropriate.} )Kc7 (72... Bd7 $11 )73. Be2 Kb7 74. Bd3 {[%emt 0:0:40] Weighted Error Value: White=0.08 (flawless) /Black=0.05 (flawless)   Mistake:       	White=3     	Black=3      Inaccurate:     	White=3     	Black=2      OK:         	White=3     	Black=4      Strong:       	---       	Black=3} ({Better is} 74. Bf3 $14 )1/2-1/2

[Event "88th Tata Steel Masters 2026"]
[White "Erigaisi Arjun"]
[Black "Fedoseev,Vladimir"]
[Site "Wijk aan Zee"]
[Round "5.6"]
[Annotator "TA"]
[Result "0-1"]
[Date "2026.01.21"]
[WhiteElo "2775"]
[BlackElo "2705"]
[PlyCount "92"]
[TimeControl "60"]

1. d4 Nf6 2. c4 e6 3. Nf3 d5 4. Nc3 Bb4 5. Qb3 c5 6. Bg5 {[%emt 0:0:0] D38: Queen's Gambit Declined: Ragozin Defence (4 Nf3 Bb4).} cxd4 $5 {[%emt 0:2:22][%mdl 4] A promising side line.} 7. Nxd4 Bxc3+ 8. Qxc3 {[%emt 0:0:0] White is slightly better.} e5 $146 (8... O-O $14 )({Predecessor:} 8... h6 9. Bxf6 Qxf6 10. cxd5 O-O 11. dxe6 fxe6 12. Nf3 Qf5 13. g3 Nc6 14. Bg2 e5 {1-0 Motuz,K (2377)-Spik,P (2124) Tatry op Tatranske Zruby 2002 (8)} )9. Nb5 $16 (9. Bxf6 $6 gxf6 10. Nc2 Be6 $11 )O-O 10. cxd5 Na6 {[%emt 0:4:6][%cal Yb8a6,Ya6c5,Yc5d7,Yd7f6][%mdl 32] Dodges Nc7} 11. Bxf6 (11. Qxe5 $6 Qa5+ 12. Nc3 Re8 $11 )Qxf6 12. e4 {[%emt 0:3:19] Inhibits Bf5.} Bd7 13. Qd2 Nc5 14. Nc3 Rac8 {[%emt 0:1:42] [#]} 15. Rd1 (15. b4 $1 $16 Na6 (15... Na4 16. Nxa4 Bxa4 17. Bd3 $16 )16. a3 )Qg6 $1 $11 16. f3 f5 17. exf5 Bxf5 18. b4 Nd7 19. Bb5 Qb6 20. a4 Nf6 21. d6 a6 22. a5 Qa7 23. Ba4 {[%emt 0:3:46] [#] Hoping for Nd5.} Kh8 24. Rf1 b5 25. Bb3 Rfd8 26. g4 Bg6 27. g5 Nh5 28. Ne2 {[%emt 0:0:36] Prevents Nf4.} Rc6 29. Qd5 (29. d7 $2 Rc7 (29... Bf5 30. Qd5 $11 )30. Qd5 (30. Be6 $2 Rc2 $19 )Rcxd7 $19 (30... Rdxd7 31. Qg8# ))(29. Rc1 $14 Rxc1+ (29... Rdxd6 30. Rxc6 )(29... Rcxd6 $2 30. Qxd6 Qa8 31. Bd5 $18 )30. Qxc1 )Rc3 {[%emt 0:1:26] Dancing on a razor blade.} 30. Ba2 $2 {[%emt 0:7:8][%mdl 8192] Black keeps a firm grip on the game.} (30. Nxc3 $2 {loses.} Qe3+ 31. Ne2 Nf4 $19 )(30. d7 $11 {and White has nothing to worry.} )Qe3 $19 31. Qd2 Nf4 32. Qxe3 Rxe3 33. Rf2 Bd3 34. Kd2 Rxe2+ {[%emt 0:1:23] Black is clearly winning.} 35. Rxe2 Bxe2 36. Rc1 Rxd6+ 37. Ke3 Rd3+ 38. Ke4 Bxf3+ 39. Kxe5 {[%emt 0:0:35] Intending Rc8+ and mate.} Ng6+ 40. Kf5 Rd8 {[%emt 0:0:0] Wards off Rc8} 41. Rc7 Re8 42. Rc5 {[%emt 0:0:6] Against Re5+} Be4+ 43. Kg4 Ne5+ 44. Kg3 Nd3 45. Rc7 Nxb4 46. Bf7 Rf8 {[%emt 0:0:6] Weighted Error Value: White=0.31/Black=0.08 (flawless)   Loses game:     	White=1     	---        Mistake:       	White=2     	Black=1      Inaccurate:     	White=3     	Black=4      OK:         	White=3     	Black=4      Best:        	White=1     	Black=1      Strong:       	---       	Black=1} 0-1

[Event "88th Tata Steel Masters 2026"]
[White "Nguyen,Thai Dai Van"]
[Black "Gukesh D"]
[Site "Wijk aan Zee"]
[Round "5.7"]
[Annotator "TA"]
[Result "0-1"]
[Date "2026.01.21"]
[WhiteElo "2656"]
[BlackElo "2754"]
[PlyCount "102"]
[TimeControl "60"]

1. d4 Nf6 2. c4 e6 3. Nf3 b6 4. g3 Ba6 5. b3 d5 6. Bg2 Nbd7 7. O-O {[%emt 0:0:0] E15: Queen's Indian: 4 g3 sidelines, 4 g3 Ba6 and 4 g3 Bb7 early deviations.} Rc8 8. Nbd2 Be7 9. Bb2 {[%emt 0:0:56] The position is equal.} O-O 10. Rc1 Re8 $146 ({Predecessor:} 10... h6 11. Re1 dxc4 12. Nxc4 Bb7 13. Nfe5 Bxg2 14. Kxg2 c5 15. dxc5 Rxc5 16. Qd3 b5 17. Nxd7 Nxd7 {½-½ Coklin,M (2477)-Daubenfeld,N (2513) WLS Inv9 email 2021} )11. Re1 Bb7 12. e3 c5 {[%emt 0:0:0] The position is symmetric and equal} 13. Qe2 a5 14. Red1 Qc7 15. h4 Bd6 16. Nb1 dxc4 17. bxc4 cxd4 18. exd4 e5 19. dxe5 Bxf3 20. Qxf3 Nxe5 21. Qb7 Bc5 {[%emt 0:6:23][%cal Yc5f2] [#] and ...Bxf2+! would now be decisive} 22. Qxc7 Rxc7 23. Bxe5 Rxe5 24. Rd8+ Bf8 25. Bf1 g6 26. Nc3 Kg7 27. Rcd1 Rc6 28. Rb8 Bb4 29. Na4 Ree6 30. Rb7 h5 (30... Ne4 $17 )31. Rc1 $11 Ng4 32. Bg2 Be1 33. Bxc6 Bxf2+ 34. Kg2 Rxc6 35. Rc3 $2 {[%emt 0:1:16][%mdl 8192] [#] Now White is beyond hope.} (35. c5 $11 bxc5 (35... Bxc5 36. Nxc5 bxc5 37. Rc3 $14 )36. Nb2 )Bd4 $19 36. Rf3 Ne5 37. Rf4 Rxc4 38. Nxb6 Rc2+ 39. Kf1 (39. Kh1 $142 Be3 40. Rf1 )Be3 40. a4 Bxf4 41. gxf4 {[%emt 0:20:11][%mdl 4096] Endgame KRN-KRN. Black is a pawn up.} Nc4 42. Nd5 Rd2 43. Nc7 Kf6 44. Rb5 Ra2 45. Nd5+ Kg7 46. f5 gxf5 47. Nf4 Ne3+ 48. Kg1 Rxa4 49. Nxh5+ (49. Ne2 {was called for.} )Kg6 {[%emt 0:1:4] Black is clearly winning.} 50. Ng3 Ra2 51. Kh1 a4 {[%emt 0:1:42] Weighted Error Value: White=0.30/Black=0.09 (flawless)   Loses game:     	White=1     	---        Mistake:       	White=2     	Black=1      Inaccurate:     	White=5     	Black=3      OK:         	White=5     	Black=5      Best:        	---       	Black=1} 0-1

[Event "88th Tata Steel Masters 2026"]
[White "Bluebaum,Matthias"]
[Black "Erigaisi Arjun"]
[Site "Wijk aan Zee"]
[Round "6.1"]
[Annotator "TA"]
[Result "1/2-1/2"]
[Date "2026.01.23"]
[WhiteElo "2679"]
[BlackElo "2775"]
[PlyCount "115"]
[TimeControl "60"]

1. d4 d6 2. Nf3 Nf6 3. c4 g6 4. Nc3 Bf5 5. Qb3 b6 6. h3 {[%emt 0:0:0] E61: King's Indian: Early deviations for White, including Smyslov System.} Bg7 7. g4 Bc8 8. Bg2 {[%emt 0:0:0] White is slightly better.} O-O 9. O-O Bb7 10. Qc2 $146 ({Predecessor:} 10. Rd1 a6 11. Bf4 Nbd7 12. Rac1 c5 13. Bg3 Ne4 14. Nxe4 Bxe4 15. Qe3 Bb7 16. b3 cxd4 17. Nxd4 Bxg2 18. Kxg2 {0-1 Samadov,R (2456)-Kadric,D (2535) Wch Blitz op 2025 (16)} )Nbd7 11. Rd1 Qc8 12. e4 e5 13. d5 h5 14. g5 Nh7 15. Be3 Qd8 16. b4 Bc8 17. Rac1 (17. Qe2 $14 )f6 $1 $11 18. gxf6 Bxf6 19. Qd2 Rf7 20. Kh1 $36 {[%emt 0:8:59][%mdl 2048] White has good play.} Ndf8 21. c5 g5 22. Nh2 Ng6 23. Bf3 {[%emt 0:4:12] [#]} (23. Rg1 $11 )g4 24. hxg4 $14 Ng5 25. gxh5 Nxf3 26. Nxf3 Bg4 27. hxg6 Bxf3+ 28. Kh2 Rg7 29. Rg1 {[%emt 0:1:41] Hoping for Bh6.} Bh5 $2 (29... Qe8 $14 )30. cxd6 $18 cxd6 {[%emt 0:1:10] [#]} 31. Nb5 $1 Qd7 32. Rc6 Rxg6 33. Rxd6 $2 (33. Nxd6 $2 Rxg1 34. Nf5 (34. Kxg1 $2 Qg4+ 35. Kh2 Qh4+ 36. Kg2 Kh8 $19 )Rg6 $19 )(33. Rxg6+ $18 Bxg6 34. f3 (34. Rxd6 Qg4 $11 )Qh7+ 35. Kg1 )Qf7 $1 $11 34. Bg5 Bg7 (34... Qh7 $11 35. Rg3 (35. Rxf6 Rxf6 36. Rg3 Rf3 $11 )Bf3+ 36. Bh6 Rxg3 37. fxg3 Rf8 )35. Rxg6 $18 Bxg6 36. Bh4 (36. Nd6 $142 Qf3 37. Rg3 Qh5+ 38. Kg2 )Bxe4 37. Qg5 $2 (37. Qe3 $18 {is more deadly.} Bh7 (37... Bxd5 $2 {too greedy.} 38. Nd6 $18 )38. Nc7 )Rf8 $16 38. Nd6 {[%emt 0:4:24] Dancing on a razor blade. White is more active.} ({Of course not} 38. Qxe5 Qf4+ 39. Qxf4 Rxf4 $11 )Qf4+ 39. Qxf4 Rxf4 40. Bg3 Rg4 41. Nxe4 Rxe4 $14 {[%emt 0:20:17][%mdl 4096] Endgame KRB-KRB. White is a pawn up.} 42. Rc1 Rxb4 43. Rc8+ Kf7 44. Rc7+ Kg6 45. Rxa7 Bf6 46. a4 Kf5 47. Kg2 Rd4 {[%emt 0:1:11] The position is equal.} 48. a5 bxa5 49. Rxa5 Bh4 50. Bxh4 Rxh4 $11 {[%emt 0:0:5] KR-KR. White is a pawn up.} 51. Ra8 Rd4 52. Rd8 e4 53. d6 Ke6 54. Kg3 Rxd6 55. Rxd6+ Kxd6 56. Kf4 Kd5 57. f3 exf3 58. Kxf3 {[%emt 0:0:2] Weighted Error Value: White=0.33/Black=0.30   Loses game:     	---       	Black=2      Missed win:     	White=1     	---        Mistake:       	White=2     	Black=1      Inaccurate:     	White=2     	---        OK:         	White=6     	Black=10     Best:        	White=1     	---        Strong:       	White=1     	Black=2} 1/2-1/2

[Event "88th Tata Steel Masters 2026"]
[White "Erdogmus,Yagiz Kaan"]
[Black "Van Foreest,Jorden"]
[Site "Wijk aan Zee"]
[Round "6.2"]
[Annotator "TA"]
[Result "1-0"]
[Date "2026.01.23"]
[WhiteElo "2658"]
[BlackElo "2703"]
[PlyCount "91"]
[TimeControl "60"]

1. e4 e5 2. Nf3 Nc6 3. Nc3 Nf6 4. h3 Bb4 5. Bd3 O-O 6. O-O {[%emt 0:0:0] C47: Scotch Four Knights and Four Knights with 4 g3.} Bxc3 7. dxc3 a5 8. Be3 {[%emt 0:15:16] The position is equal.} d6 9. Nd2 Be6 10. f4 $146 ({Predecessor:} 10. c4 Nd7 11. Nb1 Ne7 12. Nc3 f5 13. f4 b6 14. Qe2 Kh8 15. Rae1 Qe8 16. Kh2 {1-0 Iskandarov,M (2534)-Ivic,V (2639) TUR-chT 1st League 2025 (5.1)} )exf4 11. Bxf4 Nd7 12. Nf3 Nce5 13. Nd4 a4 14. Qe1 Ra5 15. c4 Ra8 16. Qc3 Re8 17. b3 h6 18. Nb5 axb3 19. cxb3 Nxd3 20. Qxd3 Nc5 21. Qf3 f6 22. Nc3 Qe7 23. Rae1 Qf7 (23... Bf7 $15 )24. Qg3 $11 Qh5 25. e5 fxe5 26. Bxe5 {[%emt 0:0:32][%csl Ge5][%cal Rg3g7] [#]} Qg5 27. Qxg5 hxg5 28. Bd4 Nd3 29. Re3 Nb4 30. Nb5 Bd7 31. Rxe8+ Rxe8 32. Nxc7 Re2 33. a3 Nc2 34. Bf2 Nxa3 (34... Rd2 $14 )35. Rd1 Bc6 36. Rxd6 Rb2 37. Rg6 Kf7 (37... Rb1+ $14 38. Kh2 Kf7 39. Rxg5 Rxb3 )38. Rxg5 (38. Rxg7+ $1 $18 Kxg7 39. Bd4+ Kg6 40. Bxb2 )Rxb3 $14 39. Rf5+ Ke7 $2 {[%emt 0:1:16][%mdl 8192] [#] This costs Black the game.} (39... Kg6 $14 40. Rf4 Rc3 )40. Bc5+ $18 Kd8 41. Ne6+ Kd7 42. Nd4 ({Resist} 42. Nxg7 Nxc4 43. Rf7+ Kc8 $16 )Rb1+ 43. Kh2 Nxc4 44. Rf7+ Kd8 $2 (44... Ke8 {is more resistant.} 45. Rxg7 Bd5 )45. Ne6+ Kc8 46. Ba7 {[%emt 0:0:9] Weighted Error Value: White=0.14 (very precise) /Black=0.30   Loses game:     	---       	Black=1      Missed win:     	White=1     	---        Mistake:       	White=1     	Black=4      Inaccurate:     	White=1     	Black=2      OK:         	White=3     	Black=7      Best:        	White=1     	---} 1-0

[Event "88th Tata Steel Masters 2026"]
[White "Aravindh,Chithambaram VR."]
[Black "Sindarov,Javokhir"]
[Site "Wijk aan Zee"]
[Round "6.3"]
[Annotator "TA"]
[Result "1/2-1/2"]
[Date "2026.01.23"]
[WhiteElo "2700"]
[BlackElo "2726"]
[PlyCount "82"]
[TimeControl "60"]

1. d4 d5 2. c4 e6 3. Nf3 Nf6 4. Nc3 c6 5. g3 Nbd7 6. Bg2 dxc4 7. O-O Be7 8. a4 O-O 9. e4 b5 {[%emt 0:0:0] E07: Closed Catalan: Main Line (5 Nf3 0-0 6 0-0 Nbd7).} 10. axb5 cxb5 11. e5 Nd5 12. Nxb5 Bb7 13. Nd2 a6 $146 ({Predecessor:} 13... N7b6 14. Ne4 Bc6 15. Nbc3 Qd7 16. h4 Rab8 17. Bg5 h6 18. Bxe7 Qxe7 19. Qe2 Qc7 {1-0 Stefansson,V (2530)-Domalchuk Jonasson,A (2399) EU-ch 24th Petrovac 2024 (3)} )14. Nc3 Nxc3 15. bxc3 {[%emt 0:0:0] A sharp opening} Bxg2 16. Kxg2 Nb6 17. Ne4 a5 {[%emt 0:1:9] White has space advantage and is better} 18. Qg4 Kh8 19. Ba3 {[%emt 0:1:1] White is much more active.} Bxa3 20. Rxa3 Qc7 21. Rb1 Qc6 22. Kh3 (22. Kg1 $16 )Nd5 $11 23. Nd6 Ra7 {[%emt 0:9:45] Prevents Rb7} 24. Rb5 f5 25. Qh5 a4 26. Rc5 ({Better is} 26. f4 $15 )Qa8 27. Rxc4 $2 {[%emt 0:11:56][%mdl 8192] [#]} (27. Nxc4 $6 Qb7 $17 )(27. f4 $11 )h6 $19 28. Qe2 g5 {[%emt 0:4:0][%mdl 1024] Black has strong compensation.} 29. f3 f4 30. Rc5 Ne3 31. c4 Rg7 32. d5 Qa7 33. Ne4 h5 34. gxf4 (34. dxe6 $2 g4+ 35. fxg4 hxg4+ $19 )gxf4 35. Rxe3 (35. dxe6 $2 {too greedy.} Qb6 36. Nd6 Qxc5 $19 )fxe3 (35... Qf7 $19 36. Nd6 Qa7 )36. Qxe3 $17 Rg6 {[%emt 0:0:35] Repels Qh6+} (36... Qf7 $17 37. Qh6+ Rh7 )37. Nf6 exd5 38. cxd5 (38. f4 $11 )a3 39. Qe4 $2 (39. Nxh5 a2 40. Kh4 a1=Q 41. d6 Qh1 42. Qf2 Qxc5 43. Qd2 Qxf3 44. h3 Qc4+ )(39. Rc3 $17 Qxe3 40. Rxe3 )Rgxf6 $19 40. exf6 a2 $2 (40... Qxc5 $19 41. Qf4 Qg1 )41. Qg6 $11 {[%emt 0:27:51][%cal Yd5d6] [#] Threatening mate with d6!.} a1=Q {[%emt 0:1:5] Weighted Error Value: White=0.45/Black=0.29 (precise)   Loses game:     	White=2     	---        Mistake:       	White=3     	Black=2      Inaccurate:     	White=1     	Black=2      OK:         	White=5     	Black=1} 1/2-1/2

[Event "88th Tata Steel Masters 2026"]
[White "Niemann,Hans Moke"]
[Black "Keymer,Vincent"]
[Site "Wijk aan Zee"]
[Round "6.4"]
[Annotator "TA"]
[Result "0-1"]
[Date "2026.01.23"]
[WhiteElo "2725"]
[BlackElo "2776"]
[PlyCount "128"]
[TimeControl "60"]

1. e4 e5 2. Nf3 Nc6 3. Bc4 Nf6 4. d3 Bc5 5. O-O d6 6. c3 a5 $1 {[%emt 0:0:0][%mdl 4] is currently scoring better than 6...0-0. C54: Giuoco Piano: 4 c3 Nf6, main lines with 5 d4 and 5 d3.} 7. Re1 h6 8. Nbd2 O-O {[%emt 0:0:0] The position is equal.} 9. h3 a4 10. Nf1 Bd7 11. d4 Bb6 12. Ng3 Re8 13. Bf1 Bc8 $1 $146 {[%emt 0:0:0][%mdl 8] A top novelty.} ({Predecessor:} 13... Ba5 14. dxe5 Nxe5 15. Be3 b5 16. Nxe5 dxe5 17. Qf3 Rb8 18. Rad1 Qe7 19. a3 Be6 20. Nf5 Bxf5 21. Qxf5 c6 {½-½ Dominguez Perez,L (2741)-Oparin,G (2662) USA-ch Saint Louis 2024 (8)} )14. Bb5 Bd7 15. Bf1 Bc8 16. a3 Bd7 17. Qd3 Na5 18. Be3 Nb3 19. Rad1 exd4 $1 20. Bxd4 Nxd4 21. cxd4 Be6 22. d5 Bc8 23. Qc2 Ra5 24. Bc4 Nd7 25. Kh2 Ne5 26. Nxe5 dxe5 27. Qd2 Qd6 28. Rf1 Rc5 29. Bd3 Bd7 30. Kh1 Ra5 31. Bc2 Raa8 32. Ne2 Re7 33. Qd3 Ra5 34. Qd2 Ra8 35. Qd3 Qc5 36. Nc3 {[%emt 0:1:53] Dodges Bb5} Ree8 37. Qg3 Qd6 38. f4 (38. Rd2 $11 {keeps the balance.} )exf4 $17 {[%emt 0:0:56] Black keeps a firm grip on the game.} 39. Rxf4 Bc5 40. e5 Qxe5 $19 {[%emt 0:0:0] [#]} 41. Ne4 Be7 {[%emt 0:32:11] Inhibits Nf6+.} 42. d6 (42. Qf2 $17 )cxd6 43. Qf2 (43. Rdf1 $142 )d5 44. Ng3 Bd6 45. Rf3 Rac8 46. Bd3 Re7 47. Rf1 Rf8 48. Qg1 Qxb2 49. Nf5 Bxf5 50. Rxf5 Qxa3 51. Qd4 Qc5 (51... Bc7 $19 {White must now prevent ...Qd6.} 52. Rxd5 Qb3 )52. Qxa4 (52. Rxd5 $17 Qxd4 53. Rxd4 )Bc7 53. R5f3 Re3 54. Qd7 Rxf3 55. Rxf3 Qd6 56. Qxd6 {[%emt 0:1:11] Black is clearly better.} Bxd6 {[%emt 0:0:1][%mdl 4096] Endgame KRB-KRB. Black is 3 pawns up.} 57. Kg1 Rc8 58. Kf1 g6 59. Bb5 Kg7 60. Ba4 d4 61. Rb3 Rc4 62. Bd7 Rb4 63. Rf3 (63. Rxb4 $17 Bxb4 64. Ke2 )Rb1+ 64. Ke2 Rb2+ {[%emt 0:0:4] Weighted Error Value: White=0.21 (precise) /Black=0.14 (very precise)   Missed win:     	---       	Black=1      Mistake:       	White=6     	---        Inaccurate:     	White=3     	Black=3      OK:         	White=10    	Black=19     Best:        	---       	Black=2      Strong:       	---       	Black=1} 0-1

[Event "88th Tata Steel Masters 2026"]
[White "Abdusattorov,Nodirbek"]
[Black "Gukesh D"]
[Site "Wijk aan Zee"]
[Round "6.5"]
[Annotator "TA"]
[Result "1-0"]
[Date "2026.01.23"]
[WhiteElo "2751"]
[BlackElo "2754"]
[PlyCount "73"]
[TimeControl "60"]

1. e4 e5 2. Nf3 Nc6 3. Bb5 a6 4. Ba4 Nf6 5. O-O Be7 6. Bxc6 dxc6 7. d3 Nd7 8. Nc3 {[%emt 0:0:0] C85: Closed Ruy Lopez: Deferred Exchange Variation.} O-O 9. Be3 Re8 10. a4 {[%emt 0:0:0] The position is equal.} a5 11. Kh1 Bd6 12. Ne2 Nf8 13. Ng3 c5 14. Nd2 Ne6 15. Nf5 $146 ({Predecessor:} 15. Nc4 Nd4 16. c3 Nc6 17. Nxd6 Qxd6 18. f4 exf4 19. Bxf4 Qd8 20. Qh5 Be6 21. Qxc5 Qxd3 22. Bxc7 {1-0 Shevchenko,K (2662)-Parligras,M (2570) ROM-ch Sebes 2023 (8)} )Bf8 16. Nc4 f6 17. Qg4 Kh8 18. Qg3 b6 19. h4 g6 20. Nh6 Qd7 {[%emt 0:3:12] Inhibits Nf7+.} 21. Ng4 Bg7 22. f3 Ba6 23. b3 Rad8 24. h5 gxh5 25. Nh6 Bxc4 26. bxc4 Bxh6 27. Bxh6 Rg8 28. Qh2 Rg6 (28... Qe8 {simplifies} 29. Rf2 Ng5 30. Rff1 Rd7 )29. Qxh5 Nf4 30. Bxf4 exf4 31. g4 fxg3 {[%emt 0:3:14][%csl Yg3] Black has a strong passed pawn} 32. Kg2 Qd4 33. Rae1 Kg7 (33... Re8 $17 )34. e5 $11 Rh6 35. Qg4+ Rg6 36. Qf5 Rg5 $2 {[%emt 0:3:23][%mdl 8192] [#]} (36... Rf8 $11 )37. Qxf6+ {[%emt 0:0:39] Weighted Error Value: White=0.09 (flawless) /Black=0.33   Loses game:     	---       	Black=1      Mistake:       	---       	Black=1      Inaccurate:     	White=7     	Black=4      OK:         	White=3     	Black=7      Best:        	White=2     	---} 1-0